 Dungeon Crawl Stone Soup version 0.30.0-5-g1a98f26d00 (webtiles) character file.

Game seed: 631794660865515820

25 croobank the Firebug (level 2, 0/28 HPs)
             Began as a Demonspawn Fire Elementalist on May 8, 2023.
             Succumbed to an adder's poison
             ... on level 2 of the Dungeon.
             The game lasted 00:03:01 (786 turns).

croobank the Firebug (Demonspawn Fire Elementalist)  Turns: 786, Time: 00:03:01

Health: 0/28       AC:  3    Str:  8    XL:     2   Next: 86%
Magic:  1/5        EV: 12    Int: 16    God:
Gold:   34         SH:  0    Dex: 13    Spells: 2/5 levels left

rFire   . . .        e - +0 rapier
rCold   . . .        (no shield)
rNeg    . . .        a - +0 robe
rPois   .            (helmet restricted)
rElec   .            i - +0 cloak
rCorr   .            (no gloves)
SInv    .            (no boots)
Will    .....        (no amulet) Stlth
                     (no ring)
HPRegen 0.24/turn    (no ring)
MPRegen 0.09/turn

%: no passive effects
@: berserking, lethally poisoned (0 -> -3), very quick
A: antennae 1
a: no special abilities


You were on level 2 of the Dungeon.
You visited 1 branch of the dungeon, and saw 2 of its levels.

You collected 34 gold pieces.

Inventory:

Hand Weapons
 e - a +0 rapier (weapon)
Armour
 a - a +0 robe (worn)
 g - a scarf of repulsion
 i - a +0 cloak (worn)
 k - a +0 ring mail
Scrolls
 c - 2 scrolls of identify {unknown}
 d - a scroll of enchant weapon {unknown}
 f - a scroll of teleportation {unknown}
 j - a scroll of brand weapon {unknown}


   Skills:
 + Level 0.2 Fighting
 + Level 2.1 Dodging
 + Level 2.1 Stealth
 + Level 2.2 Spellcasting
 + Level 1.4 Conjurations
 + Level 2.9 Fire Magic


You had 2 spell levels left.
You knew the following spells:

 Your Spells              Type           Power      Damage    Failure   Level
a - Foxfire               Conj/Fire      32%        2x1d5     9%          1
b - Scorch                Fire           22%        2d5       9%          2

Your spell library contained the following spells:

 Spells                   Type           Power      Damage    Failure   Level
 Inner Flame              Hex/Fire       6%         N/A       32%         3
 Volatile Blastmotes      Fire/Tloc      12%        2d11      32%         3
 Flame Wave               Conj/Fire      8%         2d5       63%         4


Dungeon Overview and Level Annotations

Branches:
Dungeon (1/15)

Altars:


Innate Abilities, Weirdness & Mutations

You have a pair of small antennae on your head.


Message History

Magic courses through your body.
You feel sick. The adder completely misses you.
Casting: Foxfire (safe; 9% risk of failure)
Confirm with . or Enter, or press ? or * to list all spells.
Flames lash the adder.
The adder is almost dead.
The adder's fire resistance burns away.
You feel sick. The adder closely misses you.
Casting: Scorch (safe; 10% risk of failure)
Confirm with . or Enter, or press ? or * to list all spells.
Flames lash the adder.
The adder is burned terribly!
You kill the adder!
You feel sick. The adder barely misses you.
Casting: Scorch (safe; 9% risk of failure)
Confirm with . or Enter, or press ? or * to list all spells.
You don't have enough magic to cast this spell.
Casting: Scorch (safe; 9% risk of failure)
Confirm with . or Enter, or press ? or * to list all spells.
You conjure some foxfire!
You feel sick. The adder bites you.
You closely miss the adder.
The adder is moderately wounded.
You feel sick.
You are no longer poisoned.
The foxfire hits the adder.
The adder is heavily wounded.
The foxfire hits the adder but does no damage.
The adder is heavily wounded.
The adder bites you.
* * * LOW HITPOINT WARNING * * *
You are lethally poisoned!
The adder poisons you! The adder bites you.
* * * LOW HITPOINT WARNING * * *
It was a potion of berserk rage.
A red film seems to cover your vision as you go berserk!
You feel yourself moving faster!
You feel mighty!
* * * LOW HITPOINT WARNING * * *
You feel sick. The adder barely misses you.
You hit the adder.
You kill the adder!
You die...

#.# #.#.##.# #.##
#.####.###......# #.#
#..............######.#
######..####.#........#
##.# #.########## #.# #
#.# # ##.####.##
#.@...†..#
##†####...... ### .####
#


There were no monsters in sight!

Vanquished Creatures
  2 adders (D:2)
  An endoplasm (D:2)
  2 giant cockroaches
  2 hobgoblins
  2 jackals (D:1)
  2 quokkas (D:1)
  2 ball pythons (D:1)
  A bat (D:1)
  A goblin (D:1)
  A kobold (D:2)
16 creatures vanquished.

Vanquished Creatures (others)
  38 foxfires
38 creatures vanquished.

Grand Total: 54 creatures vanquished

Notes
Turn   | Place    | Note
-------+----------+-------------------------------------------
     0 | D:1      | croobank the Demonspawn Fire Elementalist began the quest
                  | for the Orb.
     0 | D:1      | Reached XP level 1. HP: 13/13 MP: 3/3
   409 | D:1      | Gained mutation: You have a pair of small antennae on your
                  | head. [demonic ancestry]
   409 | D:1      | Reached XP level 2. HP: 10/19 MP: 5/5
   464 | D:1      | Learned a level 2 spell: Scorch
   621 | D:1      | You fall into a shaft and drop 1 floor!
   785 | D:2      | HP: 1/28 [poisoned by an adder]
   786 | D:2      | Succumbed to an adder's poison

Illustrated notes

Levels and vault maps discovered:
D:1:      dpeg_arrival_rhombi, layout_basic
D:2:      layout_loops_ring

Skill      XL: |  1  2 |
---------------+-------+-----
Stealth        | 2 |  2.1
Dodging        | 2 |  2.1
Fighting       | |  0.2
Spellcasting   | |  2.2
Conjurations   | |  1.4
Fire Magic     | |  2.9

Action                     || total
---------------------------++-------
  Melee: Unarmed           ||    27
         Rapier            ||     5
   Cast: Foxfire           ||    25
         Scorch            ||     5
    Use: Scroll            ||     1
         Potion            ||     2
   Stab: Sleeping          ||     1
 Armour: Robe              ||    10
  Dodge: Dodged            ||    53
